 Dungeon Crawl Stone Soup version 0.30.1-11-g7821555f0a (webtiles) character file.

Game seed: 7867034437103919988

332 Azazsd the Trooper (level 6, -4/33 HPs)
             Began as a Vine Stalker Fighter on Nov 7, 2023.
             Slain by a boulder beetle (11 damage)
             ... on level 6 of the Dungeon.
             The game lasted 00:25:18 (2352 turns).

Azazsd the Trooper (Vine Stalker Fighter)           Turns: 2352, Time: 00:25:19

Health: -4/33      AC: 10    Str: 19    XL:     6   Next: 52%
Magic:  0/16       EV:  9    Int:  8    God:
Gold:   202        SH:  5    Dex: 15    Spells: 5/5 levels left

rFire   . . .        a - +0 long sword
rCold   . . .        c - +0 buckler
rNeg    . . .        b - +0 scale mail
rPois   .            (no helmet)
rElec   .            (no cloak)
rCorr   .            (no gloves)
SInv    .            (no boots)
Will    .....        (no amulet) Stlth
                     f - ring of magical power
HPRegen 1.05/turn    u - +4 ring of protection
MPRegen 0.15/turn

%: guardian spirit
@: very slow
A: fangs 2, regeneration 1, magic shield, antimagic bite, no potion heal 2
a: no special abilities


You were on level 6 of the Dungeon.
You visited 1 branch of the dungeon, and saw 4 of its levels.

You collected 202 gold pieces.

Inventory:

Hand Weapons
 a - a +0 long sword (weapon)
 k - a +0 sling
 q - a +3 dagger of electrocution
Missiles
 m - 25 stones (quivered)
Armour
 b - a +0 scale mail (worn)
 c - a +0 buckler (worn)
Magical Staves
 g - a staff of cold
Jewellery
 f - a ring of magical power (left hand)
 j - an amulet of faith
 p - an amulet of reflection
 u - a +4 ring of protection (right hand)
 v - a ring of protection from cold
Scrolls
 e - 4 scrolls of teleportation {unknown}
 r - 2 scrolls of magic mapping {unknown}
 s - 3 scrolls of identify {unknown}
 t - 2 scrolls of vulnerability {unknown}
 w - a scroll of enchant armour {unknown}
Potions
 d - a potion of might
 h - 3 potions of curing {unknown}
 i - 2 potions of brilliance {unknown}
 l - 3 potions of magic {unknown}
 n - a potion of heal wounds {unknown}
 o - a potion of attraction {unknown}
 x - a potion of degeneration {unknown}


   Skills:
 + Level 3.7 Fighting
 + Level 3.7 Long Blades
 + Level 3.4 Armour
 + Level 0.6 Dodging
 + Level 0.2 Stealth
 + Level 3.7 Shields


You had 5 spell levels left.
You didn't know any spells.
Your spell library contained the following spells:

 Spells                   Type           Power      Damage    Failure   Level
 Dazzling Flash           Conj/Hex       0%         N/A       99%         3
 Anguish                  Hex/Necr       0%         N/A       100%        4
 Leda's Liquefaction      Hex/Erth       0%         N/A       100%        4
 Fire Storm               Conj/Fire      0%         5d1       100%        9


Dungeon Overview and Level Annotations

Branches:
Dungeon (6/15)
 Temple: D:4-7

Altars:
The Shining One


Innate Abilities, Weirdness & Mutations

You have extremely sharp teeth.
Your natural rate of healing is unusually fast.
When hurt, damage is shared between your health and your magic reserves.
Your bite disrupts and absorbs the magic of your enemies.
Potions cannot restore your health.


Message History

The killer bee is severely wounded.
The killer bee barely misses you.
The killer bee stings you but does no damage. x2
You miss the killer bee. Your bite misses the killer bee.
The killer bee is severely wounded.
The killer bee completely misses you. You block the killer bee's attack.
The killer bee stings you.
You barely miss the killer bee. You bite the killer bee!
You kill the killer bee!
You enter the shallow water.
Moving in this stuff is going to be slow.
You see here a killer bee corpse.
You enter the shallow water.
Moving in this stuff is going to be slow.
A boulder beetle comes into view.
You hit the boulder beetle but do no damage.
You bite the boulder beetle, but do no damage.
The boulder beetle barely misses you.
You hit the boulder beetle but do no damage.
You block the boulder beetle's attack. The boulder beetle bites you!
You hit the boulder beetle but do no damage.
Your bite misses the boulder beetle.
The boulder beetle bites you but does no damage.
You hit the boulder beetle but do no damage.
The boulder beetle bites you.
You hit the boulder beetle but do no damage.
You bite the boulder beetle, but do no damage.
The boulder beetle leaps!
The boulder beetle bites you!!
You are too injured to fight recklessly!
You hit the boulder beetle but do no damage.
The boulder beetle bites you. The boulder beetle bites you!!
* * * LOW HITPOINT WARNING * * *
The boulder beetle attacks as you move away!
The boulder beetle misses you.
You enter the shallow water.
Moving in this stuff is going to be slow.
The boulder beetle attacks as you move away!
The boulder beetle bites you!
You die...

.# ##...##.#.#........######..#
.####..####.#.#.......##~~..'..#
......## #.#....######~#####.##
#..###### #.#...##...~~##≈SS###
............#..##.######≈≈!≈≈#
......####.....#†##SSS##?!.~~#
......# ..#..#~#≈≈.≈≈#..PP[#
........##.....#~#[~/?~#~P.~P#
............>..#@#..~P.#.....#
.#######....#..#B#.P..P# .#
##...##..#.#.....# .##
#........#.# # ..#
###.....##.#.## ~~.
..###...#......##.####.~~# #
................##~~~..# #..
###.........###.########....
#.....####..................


You could see a boulder beetle.

Vanquished Creatures
  A killer bee (D:6)
  A howler monkey (D:6)
  3 orc wizards (D:6)
  4 adders
  4 gnolls (D:2)
  3 worms (D:2)
  4 dart slugs
  7 orcs (D:6)
  5 ball pythons
  3 endoplasms
  3 giant cockroaches
  6 goblins
  5 hobgoblins
  3 jackals (D:3)
  11 kobolds
  4 quokkas
  3 bats
  4 frilled lizards
  4 rats
78 creatures vanquished.

Notes
Turn   | Place    | Note
-------+----------+-------------------------------------------
     0 | D:1      | Azazsd the Vine Stalker Fighter began the quest for the
                  | Orb.
     0 | D:1      | Reached XP level 1. HP: 11/11 MP: 2/2
    57 | D:1      | Reached XP level 2. HP: 16/16 MP: 3/3
   629 | D:2      | Reached XP level 3. HP: 17/19 MP: 4/4
   653 | D:2      | Found a glowing golden altar of the Shining One.
   779 | D:2      | Gained mutation: Your natural rate of healing is unusually
                  | fast. [Vine Stalker growth]
   779 | D:2      | Reached XP level 4. HP: 14/24 MP: 5/5
  1585 | D:3      | Reached XP level 5. HP: 28/28 MP: 6/6
  1905 | D:3      | You fall into a shaft and drop 3 floors!
  1988 | D:6      | HP: 1/22 [something/puff of flame (8)]
  2031 | D:6      | Reached XP level 6. HP: 25/28 MP: 3/7
  2259 | D:6      | Got the Directory of Enchantment and the Pyromaniac
  2329 | D:6      | Noticed a boulder beetle
  2346 | D:6      | HP: 1/33 [boulder beetle (14)]
  2352 | D:6      | Slain by a boulder beetle

Illustrated notes

Levels and vault maps discovered:
D:1:      roderic_octagonal_star, layout_basic
D:2:      layout_rooms, basic_altar, guppyfry_early_lair_pool
D:3:      layout_rooms, gup_sewer_entry_pipe, gammafunk_ghost_arena,
          nicolae_concentric_dashed_squares_wild, minmay_unequal
D:6:      cheibrodos_two_vegetables, layout_rooms

Skill      XL: |  1  2  3  4  5 |
---------------+----------------+-----
Long Blades    | 2 3 |  3.7
Fighting       | 3 |  3.7
Shields        | 3 |  3.7
Armour         | 3 |  3.4
Dodging        | |  0.6
Stealth        | |  0.2

Action                     |  1- 3 |  4- 6 || total
---------------------------+-------+-------++-------
  Melee: Long sword        |    83 |   167 ||   250
         Bite              |    18 |    45 ||    63
    Use: Scroll            |     1 |       ||     1
 Armour: Scale mail        |    25 |    98 ||   123
  Dodge: Dodged            |    30 |    76 ||   106
  Block: Buckler           |    15 |    50 ||    65
